Map: Seething Jungle

Players

JohnMcClane - Winner!

  • Race: Protoss Protoss
  • League: Gold
  • Spawn Location: 6:00

Hindulaatti - Winner!

  • Race: Protoss Protoss
  • Spawn Location: 7:00

Blackmetal

  • Race: Protoss Protoss
  • League: Platinum
  • Spawn Location: 12:00

MrPeitsche

  • Race: Zerg Zerg
  • Spawn Location: 1:00

VOD

Have the link to the VOD?

Description

Time

  • Played on: Feb. 3, 2016, 8:28 a.m.
  • Length: 8:08
Show
View Real Time Build Order
Export as new Build Order

JohnMcClane Protoss - Winner!

Build Orders: Oracle Opening 

Get SALT Encoding   

  12  0:01  Probe (Chrono Boost)  
  13  0:12  Probe (Chrono Boost)  
  14  0:19  Pylon  
  14  0:22  Probe (Chrono Boost)  
  15  0:41  Probe (Chrono Boost), Gateway  
  16  0:50  Assimilator  
  16  0:52  Probe (Chrono Boost)  
  16  0:56  Assimilator  
  17  1:02  Probe (Chrono Boost)  
  18  1:11  Pylon  
  18  1:13  Probe (Chrono Boost)  
  19  1:23  Probe (Chrono Boost)  
  20  1:30  Cybernetics Core  
  20  1:35  Probe (Chrono Boost)  
  21  1:44  Pylon  
  21  1:45  Probe (Chrono Boost)  
  22  1:56  Probe (Chrono Boost)  
  23  2:09  Stargate  
  23  2:11  Warp Gate (Chrono Boost)  
  23  2:16  Mothership Core (Chrono Boost)  
  25  2:35  Probe (Chrono Boost)  
  26  2:43  Gateway  
  26  2:48  Probe (Chrono Boost)  
  27  2:54  Oracle (Chrono Boost)  
  29  3:09  Probe (Chrono Boost)  
  30  3:15  Gateway  
  30  3:16  Gateway  
  30  3:17  Pylon  
  30  3:29  Oracle (Chrono Boost)  
  33  3:50  Nexus  
  33  3:51  Pylon  
  27  4:26  Probe  
  28  4:31  Pylon  
  29  4:38  Probe  
  29  4:47  Oracle (Chrono Boost)  
  29  4:50  Probe  
  33  5:00  Forge  
  33  5:02  Probe  
  33  5:04  Zealot x3  
  40  5:14  Probe  
  41  5:25  Probe  
  41  5:27  Probe  
  43  5:33  Photon Cannon  
  43  5:35  Probe  
  43  5:39  Probe  
  45  5:46  Probe  
  46  5:51  Probe  
  46  5:54  Photon Cannon  
  46  5:56  Probe  
  45  6:12  Probe x2  
  45  6:16  Stalker x2  
  45  6:17  Assimilator  
  51  6:20  Pylon  
  51  6:22  Probe x2  
  53  6:29  Stalker x2  
  57  6:33  Assimilator  
  57  6:53  Pylon  
  57  6:54  Stalker x4  
  61  7:15  Probe x2, Gateway  
  58  7:21  Gateway  
  58  7:22  Pylon  
  60  7:40  Stalker x4  
Show
View Real Time Build Order
Export as new Build Order

Hindulaatti Protoss - Winner!

Build Orders: 1 Gate Expand 

Get SALT Encoding   

  12  0:01  Probe (Chrono Boost)  
  13  0:12  Probe (Chrono Boost)  
  14  0:21  Pylon  
  14  0:23  Probe (Chrono Boost)  
  15  0:39  Probe (Chrono Boost)  
  15  0:40  Gateway  
  17  0:50  Probe (Chrono Boost)  
  17  1:00  Assimilator  
  17  1:02  Probe (Chrono Boost)  
  18  1:18  Probe (Chrono Boost)  
  19  1:19  Pylon  
  19  1:27  Cybernetics Core  
  19  1:31  Probe (Chrono Boost)  
  20  1:41  Nexus  
  20  1:44  Probe (Chrono Boost)  
  21  1:51  Assimilator  
  21  1:57  Probe (Chrono Boost)  
  22  2:03  Warp Gate (Chrono Boost)  
  22  2:06  Stalker  
  24  2:14  Gateway  
  24  2:19  Probe  
  25  2:26  Gateway  
  25  2:41  Stalker  
  27  2:48  Pylon  
  27  2:59  Mothership Core, Pylon, Probe  
  30  3:08  Stalker  
  32  3:14  Probe  
  32  3:19  Stalker, Probe  
  36  3:32  Robotics Facility  
  36  3:36  Probe  
  37  4:05  Probe  
  37  4:06  Probe  
  37  4:09  Stalker x3  
  45  4:14  Pylon  
  45  4:19  Immortal  
  45  4:21  Probe  
  45  4:22  Probe  
  51  4:32  Stalker  
  48  4:42  Probe  
  48  4:44  Probe  
  48  4:45  Stalker  
  52  4:58  Immortal  
  54  5:14  Stalker x3  
  50  5:26  Probe  
  50  5:27  Probe  
  52  5:32  Pylon  
  52  5:38  Immortal  
  52  5:39  Probe  
  57  5:43  Stalker  
  58  5:56  Stalker x2  
  61  6:11  Pylon, Stalker  
  61  6:16  Gateway  
  63  6:24  Immortal  
  67  6:28  Stalker  
  69  6:35  Probe  
  69  6:37  Probe  
  71  6:43  Stalker  
  57  7:23  Stalker x2  
  57  7:24  Stalker  
  57  7:44  Stalker  
  59  7:56  Stalker x3  
  67  8:02  Gateway  
  67  8:05  Gateway  
Show
View Real Time Build Order
Export as new Build Order

Blackmetal Protoss 

Build Orders: Oracle Opening 

Get SALT Encoding   

  12  0:01  Probe (Chrono Boost)  
  13  0:11  Probe (Chrono Boost)  
  14  0:18  Pylon  
  14  0:22  Probe (Chrono Boost)  
  15  0:37  Probe (Chrono Boost)  
  15  0:38  Gateway  
  16  0:47  Assimilator, Probe (Chrono Boost)  
  17  0:57  Assimilator  
  17  0:58  Probe (Chrono Boost)  
  18  1:08  Probe (Chrono Boost)  
  19  1:15  Pylon  
  19  1:20  Probe (Chrono Boost)  
  20  1:26  Cybernetics Core  
  20  1:30  Probe (Chrono Boost)  
  21  1:41  Probe (Chrono Boost)  
  22  1:51  Pylon, Probe (Chrono Boost)  
  23  2:02  Stargate, Probe (Chrono Boost)  
  24  2:12  Probe (Chrono Boost)  
  25  2:24  Nexus  
  25  2:35  Probe (Chrono Boost)  
  26  2:41  Pylon  
  26  2:44  Assimilator  
  26  2:45  Probe (Chrono Boost)  
  26  2:49  Oracle (Chrono Boost)  
  30  2:56  Probe  
  31  3:12  Probe  
  32  3:22  Oracle (Chrono Boost)  
  32  3:24  Probe  
  36  3:34  Probe  
  36  3:37  Probe  
  38  3:45  Probe  
  39  3:49  Probe  
  39  3:55  Mothership Core  
  40  4:01  Probe  
  40  4:12  Void Ray (Chrono Boost)  
  40  4:13  Probe  
  40  4:14  Probe  
  46  4:19  Assimilator  
  46  4:23  Stalker  
  48  4:24  Pylon  
  48  4:25  Probe  
  49  4:51  Pylon  
  53  4:53  Void Ray (Chrono Boost), Probe  
  53  4:55  Probe  
  53  4:58  Stargate  
  55  5:01  Stargate  
  55  5:04  Probe  
  56  5:07  Probe  
  54  5:14  Probe  
  54  5:19  Probe  
  56  5:25  Probe  
  57  5:31  Probe  
  57  5:33  Void Ray (Chrono Boost)  
  62  5:35  Probe  
  63  5:43  Probe  
  63  5:46  Probe  
  65  5:55  Probe  
  65  5:56  Probe  
  74  5:59  Void Ray x2 (Chrono Boost)  
  70  6:07  Probe x2  
  71  6:19  Probe x2  
  71  6:25  Void Ray (Chrono Boost)  
  77  6:28  Pylon  
  77  6:29  Pylon  
  77  6:31  Probe  
  78  6:46  Void Ray (Chrono Boost), Probe x2  
  84  6:58  Probe x2  
  84  7:01  Void Ray (Chrono Boost)  
  94  7:08  Void Ray (Chrono Boost)  
  79  7:44  Probe x2  
Show
View Real Time Build Order
Export as new Build Order

MrPeitsche Zerg 

Build Orders: Hatch First, Ravager All-In 

Get SALT Encoding   

  12  0:01  Drone  
  13  0:13  Overlord  
  13  0:18  Drone  
  14  0:31  Drone x2  
  14  0:35  Drone  
  17  0:57  Hatchery  
  16  1:11  Spawning Pool  
  15  1:13  Extractor  
  15  1:15  Drone  
  15  1:19  Drone  
  15  1:23  Drone  
  17  1:30  Drone  
  18  1:37  Drone  
  19  1:45  Extractor  
  18  1:48  Drone  
  19  2:05  Queen  
  21  2:08  Queen  
  21  2:10  Zergling x2  
  21  2:12  Drone x2  
  26  2:27  Roach Warren  
  25  2:40  Drone x3  
  28  2:56  Overlord  
  27  3:09  Drone, Overlord  
  28  3:15  Roach x3  
  28  3:17  Roach  
  36  3:24  Overlord  
  36  3:36  Roach  
  36  3:37  Overlord  
  38  3:51  Roach  
  40  3:56  Ravager x4  
  40  3:58  Ravager  
  40  4:02  Roach x3  
  51  4:14  Spore Crawler  
  51  4:15  Spore Crawler  
  46  4:23  Spore Crawler  
  35  4:34  Drone  
  36  4:48  Drone  
  37  5:10  Drone x4  
  30  5:22  Drone x2  
  32  5:35  Drone x3  
  35  5:45  Queen  
  37  6:02  Drone x5  
  37  6:03  Drone  
  43  6:15  Extractor  
  43  6:16  Extractor  
  41  6:22  Lair  
  41  6:25  Drone x4  
  44  6:34  Metabolic Boost  
  44  6:42  Zergling x2  
  44  6:43  Zergling x4  
  47  6:59  Roach  
  47  7:00  Roach x4  
  43  7:15  Zergling x2  
  43  7:16  Zergling x8  
  41  7:26  Roach  
  41  7:27  Roach x2  
  39  7:38  Roach x2  
  33  7:53  Drone x2  
Tags
 
Add a new tag
Caveats
  • Supply blocks, unpowered buildings, or Contaminate may cause inaccurate times.
  • Supply counts are checked every 10 seconds.